Map: Rivages bleus EC

Players

zidar - Winner!

  • Race: Zerg Zerg
  • League: Silver
  • Spawn Location: 7:00

VOD

Have the link to the VOD?

Description

Time

  • Played on: Dec. 29, 2018, 12:27 p.m.
  • Length: 6:11
Show
View Real Time Build Order
Export as new Build Order

zidar Zerg - Winner!

Build Orders:  

Get SALT Encoding   

  12  0:02  Drone  
  13  0:18  Overlord  
  13  0:25  Drone  
  14  0:43  Drone x2  
  14  0:48  Drone  
  17  1:17  Hatchery  
  16  1:21  Drone  
  16  1:25  Drone  
  16  1:26  Extractor  
  17  1:48  Spawning Pool  
  16  1:55  Drone  
  16  1:59  Drone  
  18  2:05  Drone  
  19  2:19  Overlord  
  19  2:33  Drone  
  20  2:49  Drone  
  21  2:53  Queen  
  23  3:02  Queen  
  23  3:09  Zergling x4  
  27  3:19  Drone  
  27  4:04  Metabolic Boost  
  27  4:08  Baneling Nest, Zergling x12  
  32  4:30  Zergling x4  
  34  4:41  Overlord  
  34  4:42  Overlord  
  34  4:46  Zergling x2  
  34  4:47  Zergling x2  
  36  5:08  Zergling x2  
  36  5:09  Zergling x8  
  40  5:19  Zergling x2  
Tags
 
Add a new tag
Caveats
  • Supply blocks, unpowered buildings, or Contaminate may cause inaccurate times.
  • Supply counts are checked every 10 seconds.